 Dungeon Crawl Stone Soup version 0.18-a0-1123-gbd92598 (webtiles) character file.

263 st0uf the Insei (level 5, -11/41 HPs)
             Began as a Draconian Transmuter on Jan 19, 2016.
             Killed by divine providence
             ... invoked by an orc priest
              (15 damage)
             ... on level 5 of the Dungeon.
             The game lasted 00:11:02 (2184 turns).

st0uf the Insei (Draconian Transmuter)              Turns: 2184, Time: 00:11:02

Health: -11/41     AC:  6    Str: 12    XL:     5   Next: 97%
Magic:  8/9        EV: 13    Int: 13    God:
Gold:   76         SH:  0    Dex: 13    Spells: 1 memorised, 8 levels left

rFire  . . .     SeeInvis .       - Unarmed
rCold  . . .     Gourm    .     (armour unavailable)
rNeg   . . .     Faith    .     (no shield)
rPois  .         Spirit   .     (helmet restricted)
rElec  .         Dismiss  .     (no cloak)
rCorr  .         Reflect  .     (no gloves)
SustAt .         Harm     .     p - +0 pair of boots
MR     .....                    m - amulet of rage
Stlth  +.........               (no ring)
                                (no ring)

@: appendage, not resistant to hostile enchantments, very unstealthy
A: unfitting armour, horns 2, cold-blooded, AC +5
a: End Transformation, Evoke Berserk Rage


You were on level 5 of the Dungeon.
You were hungry.
You had grown temporary horns.
You visited 1 branch of the dungeon, and saw 5 of its levels.

You collected 76 gold pieces.

Inventory:

Missiles
 a - 12 arrows
Armour
 p - a +0 pair of boots (worn)
Jewellery
 e - an uncursed amulet of harm
 h - an uncursed amulet of magic regeneration
 m - an amulet of rage (around neck)
Scrolls
 d - a scroll of remove curse {unknown}
 i - 2 scrolls of amnesia {unknown}
 n - a scroll of teleportation {unknown}
 q - a scroll of identify {unknown}
 r - a scroll of immolation {unknown}
Potions
 g - 2 potions of cure mutation {unknown}
 j - 2 potions of haste {unknown}
 l - a potion of heal wounds {unknown}
Books
 b - a book of Changes

   Spells                             Type                      Level
   a - Beastly Appendage              Transmutation                1
   b - Sticks to Snakes               Transmutation                2
   c - Spider Form                    Transmutation/Poison         3
   d - Ice Form                       Ice/Transmutation            4
   e - Blade Hands                    Transmutation                5
Comestibles
 c - 2 bread rations
 f - a slice of pizza
 k - a chunk of flesh
 o - 3 meat rations


   Skills:
 + Level 2.1 Fighting
 + Level 2.9 Dodging
 * Level 4.1 Unarmed Combat
 + Level 2.9 Spellcasting
 * Level 3.9 Transmutations


You had 8 spell levels left.
You knew the following spells:

 Your Spells              Type           Power        Failure   Level  Hunger
a - Beastly Appendage     Trmt           ##....       6%          1    #......


Dungeon Overview and Level Annotations

Branches:
Dungeon (5/15)
 Temple: D:4-7

Altars:
Makhleb
Zin

Annotations:
D:4 Grinder


Innate Abilities, Weirdness & Mutations

Your plain brown scales are hard (AC +5).
Your body does not fit into most forms of armour.
You are cold-blooded and may be slowed by cold attacks.
You have a pair of horns on your head.


Message History

Casting: Beastly Appendage
Confirm with . or Enter, or press ? or * to list all spells.
You extend your transformation's duration.
Something unseen opens the door.
The orc priest mumbles some strange prayers to Beogh against you.
Something smites you!
* * * LOW HITPOINT WARNING * * *
Things that are here:
a club; an orc corpse You hit the orc priest.
The orc priest is severely wounded.
The orc priest hits you but does no damage.
You closely miss the orc priest.
The orc priest is severely wounded.
The orc priest barely misses you.
You barely miss the orc priest. Your headbutt misses the orc priest.
The orc priest is severely wounded.
The orc priest mumbles some strange prayers to Beogh against you.
Something smites you!
You die...

#......# #.#..#.###
#.##.#.....##.#.......
# #.#.#.#.##.#.###.##
#.#...#.##.#.#.....
#.#.#..............
#.#.....##.#..<..#.
#.#..#.....#.#.....
#.#o.#.#####.#....#
#)@..# ..#.##.# ###'##
####.##.# ... #.##.#
..... ... ....#.. #.#
....# # ..... ...###


You could see an orc priest.

Vanquished Creatures
  2 orc wizards
  An orc priest (D:5)
  An iguana (D:4)
  2 worker ants (D:4)
  3 adders
  2 oozes
  2 worms (D:3)
  2 giant geckos (D:3)
  11 orcs
  5 giant cockroaches
  6 goblins
  4 hobgoblins
  A quokka (D:4)
  4 bats (D:3)
  A giant newt (D:1)
  4 kobolds
  2 rats
53 creatures vanquished.

Notes
Turn   | Place    | Note
--------------------------------------------------------------
     0 | D:1      | st0uf the Draconian Transmuter began the quest for the Orb.
     0 | D:1      | Reached XP level 1. HP: 16/16 MP: 3/3
   317 | D:2      | Reached XP level 2. HP: 23/23 MP: 3/5
   576 | D:1      | Reached XP level 3. HP: 21/28 MP: 4/6
   806 | D:3      | Found a burning altar of Makhleb.
   806 | D:3      | Found a glowing silver altar of Zin.
   807 | D:3      | Noticed an angel
   807 | D:3      | Noticed a cacodemon
   875 | D:3      | Reached XP level 4. HP: 30/35 MP: 5/7
  1469 | D:4      | Noticed Grinder
  1620 | D:4      | Reached skill level 4 in Unarmed Combat
  1620 | D:4      | Reached XP level 5. HP: 21/40 MP: 9/9
  2062 | D:5      | Entered Level 5 of the Dungeon
  2184 | D:5      | Killed from afar by an orc priest

Vault maps used:
D:1:      lightli_arrival_statue_moat, roderic_serpentine_path
D:3:      grunt_temple_overflow_order_and_chaos_2, first_bread,
          item_on_display_a
D:4:      serial_shops, shop, grunt_ministairs_12, st_stairs_3,
          gammafunk_pakellas_cloud_experiment, uniq_grinder
D:5:      temple_statues, minmay_crossroads

Action                   |  1- 3 |  4- 6 || total
-------------------------+-------+-------++-------
Melee: Unarmed           |    73 |   116 ||   189
 Cast: Beastly Appendage |    17 |    21 ||    38
 Abil: Evoke Berserk Rag |       |     2 ||     2
 Stab: Sleeping          |     2 |       ||     2
  Eat: Chunk             |       |     6 ||     6
